Map: Alcyone LE

Players

A.I. 1 (Very Easy)

  • Race: Protoss Protoss
  • Spawn Location: 1:00

BuRny - Winner!

  • Race: Terran Terran
  • Spawn Location: 7:00

VOD

https://youtu.be/YoNabeiRiJ0

Description

Time

  • Played on: July 23, 2024, 3:32 p.m.
  • Length: 9:09
Show
View Real Time Build Order
Export as new Build Order

A.I. 1 (Very Easy) Protoss 

Build Orders:  

Get SALT Encoding   

  12  0:00  Probe  
  13  0:13  Probe  
  14  0:19  Pylon  
  14  0:36  Assimilator  
  14  0:42  Gateway  
  14  0:45  Pylon  
  14  1:13  Assimilator  
  14  1:22  Zealot  
  14  1:23  Probe  
  14  1:31  Probe  
  14  1:32  Cybernetics Core  
  18  1:41  Probe  
  19  1:54  Probe  
  20  1:58  Warp Gate  
  20  2:02  Probe  
  21  2:10  Probe  
  22  2:36  Stalker  
  24  4:44  Probe  
  19  4:53  Probe  
  20  5:03  Probe  
  20  5:12  Probe  
  20  5:20  Probe  
  22  5:29  Probe  
  23  5:41  Probe  
  24  5:48  Stalker  
  26  5:50  Pylon  
  26  5:55  Probe  
  23  6:01  Pylon  
  3  6:07  Probe  
  1  6:41  Pylon  
Show
View Real Time Build Order
Export as new Build Order

BuRny Terran - Winner!

Build Orders: Reaper Expand 

Get SALT Encoding   

  12  0:00  SCV  
  13  0:12  SCV  
  14  0:16  Supply Depot  
  14  0:24  SCV  
  15  0:38  SCV  
  15  0:40  Barracks  
  16  0:43  Refinery  
  16  0:50  SCV  
  17  1:02  SCV  
  18  1:14  SCV  
  19  1:26  Reaper  
  19  1:27  Orbital Command  
  20  1:39  Command Center  
  20  1:46  Supply Depot  
  20  1:52  SCV  
  21  1:58  Marine  
  22  2:04  SCV  
  22  2:08  Factory  
  23  2:16  Refinery, SCV  
  23  2:21  Bunker  
  24  2:23  Barracks Reactor  
  24  2:28  SCV  
  25  2:40  SCV  
  26  2:50  Orbital Command  
  26  2:52  SCV  
  26  2:53  Widow Mine  
  26  2:55  Starport  
  29  3:00  Marine  
  29  3:03  Marine  
  29  3:05  SCV  
  32  3:14  Widow Mine  
  32  3:16  Supply Depot  
  32  3:17  SCV x2  
  36  3:20  Marine  
  36  3:21  Marine  
  38  3:29  SCV x2  
  38  3:31  Medivac  
  42  3:35  Factory Tech Lab  
  42  3:40  Marine  
  42  3:41  Marine, SCV x2  
  46  3:53  SCV x2  
  46  3:54  Siege Tank  
  51  3:58  Marine  
  51  3:59  Supply Depot, Marine  
  53  4:05  SCV, Starport Tech Lab  
  54  4:12  Supply Depot  
  54  4:18  Command Center  
  54  4:21  Marine x2, SCV x2  
  58  4:26  Siege Tank  
  61  4:33  SCV  
  61  4:34  SCV  
  61  4:37  Supply Depot  
  61  4:38  Liberator  
  66  4:39  Marine x2  
  69  4:45  SCV  
  69  4:46  SCV  
  70  4:56  Barracks  
  70  4:57  Barracks  
  70  4:58  Marine x2  
  70  4:59  SCV x2  
  74  5:07  Refinery  
  74  5:09  Refinery, Siege Tank  
  74  5:11  SCV  
  78  5:19  Supply Depot  
  78  5:22  Supply Depot  
  78  5:25  Marine  
  78  5:26  SCV x2  
  81  5:29  Starport Reactor  
  81  5:34  Orbital Command  
  81  5:35  Marine  
  81  5:38  Engineering Bay x2, SCV x2  
  84  5:44  Stimpack  
  84  5:46  Marine  
  85  5:50  SCV x2  
  85  5:54  Factory Reactor  
  85  5:56  Marine x2  
  89  5:57  Marauder  
  89  5:58  Orbital Command  
  89  6:02  SCV x2  
  95  6:04  Supply Depot, Marauder  
  95  6:07  Terran Infantry Weapons Level 1  
  95  6:09  Terran Infantry Armor Level 1  
  95  6:11  Combat Shield  
  95  6:14  SCV  
  95  6:15  SCV  
  97  6:18  Marine  
  97  6:19  Marine x2  
  97  6:24  Medivac  
  97  6:25  Marine  
  103  6:26  SCV  
  103  6:28  Supply Depot  
  103  6:29  SCV  
  103  6:30  SCV  
  106  6:34  Medivac  
  106  6:36  Widow Mine  
  106  6:38  SCV, Widow Mine  
  113  6:43  Marine x2, Marauder  
  113  6:45  Marauder  
  119  6:47  SCV  
  119  6:48  SCV  
  119  6:52  Supply Depot  
  121  6:57  Medivac  
  121  7:00  Marine  
  121  7:01  Marine  
  125  7:04  Marine, Medivac  
  125  7:06  Supply Depot, Marine, Widow Mine  
  125  7:07  Supply Depot, Widow Mine  
  133  7:11  SCV x3  
  136  7:16  Supply Depot  
  136  7:17  Refinery  
  136  7:22  Barracks  
  136  7:23  Barracks, Concussive Shells  
  136  7:24  SCV x3  
  136  7:27  Armory, Marauder  
  136  7:29  Marauder  
  143  7:30  Marine  
  143  7:31  Marine  
  143  7:32  Widow Mine  
  143  7:34  Widow Mine  
  149  7:38  Missile Turret  
  149  7:40  SCV  
  149  7:41  SCV  
  149  7:43  Medivac  
  153  7:45  Medivac  
  153  7:48  Marine  
  153  7:49  Marauder  
  158  7:51  Supply Depot  
  158  7:53  Supply Depot  
  158  7:54  Marine  
  158  7:55  Marauder  
  158  7:57  Widow Mine  
  163  7:59  Widow Mine  
  163  8:05  Supply Depot  
  165  8:07  Supply Depot, Marine  
  165  8:10  Barracks Tech Lab  
  165  8:11  Barracks Reactor  
  166  8:16  Marauder  
  166  8:19  Marauder  
  170  8:20  Marine  
  170  8:22  Widow Mine  
  170  8:23  Widow Mine  
  170  8:25  Marine  
  176  8:31  Marauder  
  178  8:38  Marine, Marauder  
  178  8:40  Marauder  
  183  8:43  Marine  
  183  8:46  Widow Mine x2  
  183  8:47  Marine  
  183  8:48  Marine  
  195  8:57  Command Center  
Tags
 
Matchup
PvT
Spawn Locations
Cross Positions
Add a new tag
Caveats
  • Supply blocks, unpowered buildings, or Contaminate may cause inaccurate times.
  • Supply counts are checked every 10 seconds.